AoeStats
← iaa4e

Arena

508704886Analyzed
4v4 RM · 9d ago on Sep 23, 2026· 36m 48s· 8 players
Game mode
Random Map
Map size
Large (8 player)
Population
200
Speed
Normal
Resources
Standard
Victory
Conquest
Starting age
Dark Age
Ending age
Imperial Age
RankedLock teamsTeams togetherTeam positionsShared explorationLock speedFull tech treeHidden civsTurbo modeCheats
Victory
Defeat
🇪🇸 Varangians · Spain
1393
+10
🇪🇸 Ethiopians · Spain
1386
+10
🇦🇷 Bohemians · Argentina
1237
+16
🇦🇷 Franks · Argentina
1158
+20
🇩🇪 Danes · Germany
1288
-16
🇬🇧 Japanese · United Kingdom
1277
-15
🇩🇪 Franks · Germany
1216
-13
🇨🇳 Magyars · China
1204
-12
Sheepeehs
10:36 Feudal Age
14:23 Castle Age
12:48 Double-Bit Axe
14:06 Horse Collar
15:04 Loom
iaa4e
11:21 Feudal Age
15:12 Castle Age
13:09 Double-Bit Axe
17:25 Bow Saw
18:36 Wheelbarrow
21:07 Hand Cart
20:37 Loom
25:09 Husbandry
26:24 Scale Barding Armor
26:29 Forging
29:24 Town Watch
33:10 Imperial Age
30:43 Town Patrol
31:28 Chain Barding Armor
31:43 Iron Casting
32:19 Husbandry
32:57 Iron Casting
ugurito
8:44 Loom
11:15 Feudal Age
15:10 Castle Age
13:42 Town Watch
13:57 Double-Bit Axe
14:03 Horse Collar
17:16 Loom
21:46 Heavy Plow
23:19 Bow Saw
23:14 Gold Mining
25:08 Wheelbarrow
29:19 Imperial Age
28:18 Gold Shaft Mining
27:37 Pikeman
28:17 Guard Tower
28:51 Fletching
29:02 Scale Mail Armor
29:46 Ballistics
29:52 Ballistics
29:47 Bodkin Arrow
31:47 Hand Cart
32:49 Chain Mail Armor
Yee
11:21 Feudal Age
15:37 Castle Age
13:50 Double-Bit Axe
14:24 Horse Collar
16:41 Bow Saw
20:31 Loom
23:57 Wheelbarrow
28:48 Imperial Age
27:05 Fletching
CTM | Crawly94
10:23 Feudal Age
14:06 Castle Age
15:54 Double-Bit Axe
20:21 Horse Collar
22:08 Wheelbarrow
25:36 Fervor
25:28 Loom
27:36 Scale Barding Armor
27:41 Forging
27:51 Hand Cart
28:25 Heavy Plow
28:18 Gold Mining
28:18 Stone Mining
28:19 Town Watch
31:43 Imperial Age
29:50 Bow Saw
30:33 Chain Barding Armor
30:49 Iron Casting
31:20 Bloodlines
31:10 Husbandry
30:45 Vendel Legacy
32:57 Stone Shaft Mining
31:53 Cavalier
33:10 Plate Barding Armor
35:33 Blast Furnace
35:42 Two-Man Saw
35:14 Crop Rotation
35:07 Ballistics
35:52 Chemistry
35:53 Conscription
35:59 Spies/Treason
Ux'Tycho0201
9:50 Feudal Age
13:36 Castle Age
12:38 Loom
14:12 Loom
18:16 Double-Bit Axe
20:14 Scale Mail Armor
21:40 Town Watch
21:41 Horse Collar
23:56 Chain Mail Armor
26:52 Heavy Plow
27:04 Bow Saw
28:16 Wheelbarrow
28:35 Gold Mining
32:51 Gold Shaft Mining
33:53 Hand Cart
34:06 Stone Mining
36:54 Imperial Age
34:30 Fletching
34:39 Crossbowman
35:56 Thumb Ring
35:49 Bodkin Arrow
35:55 Padded Archer Armor
37:15 Ballistics
37:06 Masonry
HernanJC
9:38 Feudal Age
9:12 Loom
13:48 Castle Age
13:23 Town Watch
17:19 Sanctity
18:37 Redemption
31:30 Atonement
31:41 Fervor
37:13 Chemistry
36:33 Ballistics
36:09 Murder Holes
36:25 Fortified Wall
36:06 Guard Tower
The Sar AOE
10:39 Feudal Age
12:07 Double-Bit Axe
20:16 Castle Age
18:44 Scale Barding Armor
18:49 Forging
19:16 Forging
21:45 Iron Casting
21:30 Chain Barding Armor
21:17 Husbandry
33:36 Imperial Age
30:57 Town Watch
33:54 Cavalier
Connection lost

Rejoining the realm…

Still unreachable

The connection could not be restored.

Session expired

The server has moved on; the page needs a fresh start.